 Dungeon Crawl Stone Soup version 0.31-a0-1616-gbeaec30b81 (webtiles) character file.

Game seed: 2661396510254630503

9518 GreatBamboolord the Trooper (level 10, -1/80 HPs)
             Began as a Mummy Necromancer on Jan 10, 2024.
             Was a Priest of Ru.
             Hit by a large rock thrown by a cyclops (27 damage)
             ... on level 11 of the Dungeon.
             The game lasted 00:24:15 (11145 turns).

GreatBamboolord the Trooper (Mummy Necromancer)    Turns: 11145, Time: 00:24:15

Health: -1/80      AC: 14    Str: 11    XL:     10   Next: 24%
Magic:  20/20      EV: 19    Int: 21    God:    Ru [***...]
Gold:   676        SH:  0    Dex: 17    Spells: 2/23 levels left

rFire   x x .        a - +8 war axe "Siugg" {spect, Fly rN+ Int+2 Dex+4}
rCold   . . .        (no shield)
rNeg    + + +        r - +0 acid dragon scales
rPois   ∞            d - +0 helmet
rElec   .            q - +2 cloak
rCorr   +            (no gloves)
SInv    .            (no boots)
Will    +....        (no amulet)
Stlth   +++          e - +4 ring of protection
HPRegen 0.33/turn    s - +5 ring of evasion
MPRegen 0.17/turn

%: faith
@: flying
A: cold resistance 1, negative energy resistance 3, torment resistance 2, heat
vulnerability 1, inexperienced 1, in touch with death 1, temperature sensitive,
no potions, faith
a: Renounce Religion, Draw Out Power


You were on level 11 of the Dungeon.
You worshipped Ru.
Ru was most pleased with you.
You visited 1 branch of the dungeon, and saw 11 of its levels.

You collected 676 gold pieces.

Inventory:

Hand Weapons
 a - the +8 war axe "Siugg" (weapon) {spect, Fly rN+ Int+2 Dex+4}
   (You found it on level 3 of the Dungeon)

   Int+2:     It affects your intelligence (+2).
   Dex+4:     It affects your dexterity (+4).
   rN+:       It protects you from negative energy.
   Fly:       It grants you flight.
 b - a +6 battleaxe
 k - a +0 dagger of pain
 m - a +3 sling
Missiles
 h - 5 atropa-tipped darts
 t - 4 throwing nets
Armour
 d - a +0 helmet (worn)
 q - a +2 cloak (worn)
 r - +0 acid dragon scales (worn)
Jewellery
 e - a +4 ring of protection (left hand)
 s - a +5 ring of evasion (right hand)
Wands
 l - a wand of acid (11)
 o - a wand of mindburst (10)
 p - a wand of paralysis (9)
 u - a wand of polymorph (8)
 v - a wand of iceblast (5)
Scrolls
 c - 2 scrolls of fear
 f - 3 scrolls of teleportation
 g - 2 scrolls of revelation
 i - a scroll of amnesia
 j - a scroll of immolation
 n - a scroll of blinking


   Skills:
 * Level 7.7 Fighting
 * Level 6.1(6.2) Axes
 - Level 1.2(4.0) Maces & Flails
 * Level 6.8 Dodging
 * Level 7.0 Stealth
 + Level 7.3 Spellcasting
 + Level 3.0 Summonings
 + Level 6.7 Necromancy


You had 2 spell levels left.
You knew the following spells:

 Your Spells              Type           Power      Damage    Failure   Level
a - Necrotise             Necr           100%       1d9       1%          1
b - Vampiric Draining     Necr           53%        2d9       2%          3
c - Animate Dead          Necr           53%        N/A       9%          4
d - Curse of Agony        Necr           53%        N/A       22%         5
e - Martyr's Knell        Necr/Summ      42%        N/A       17%         4
f - Dispel Undead         Necr           53%        3d19      9%          4

Your spell library contained the following spells:

 Spells                   Type           Power      Damage    Failure   Level
 Kiss of Death            Conj/Necr      100%       2d13      3%          1
 Confusing Touch          Hex            7%         N/A       38%         3


Dungeon Overview and Level Annotations

Branches:
Dungeon (11/15)            Temple (0/1) D:7            Lair (0/5) D:11
    Orc (0/2) D:10

Altars:
Dithmenos
Fedhas
Gozag
Hepliaklqana
Ru
Sif Muna
Uskayaw
Vehumet
Wu Jian
Xom

Annotations:
D:3 3 runed translucent doors, losten's ghost, amateur DsGl
D:4 1 runed translucent door, HourglassMan's ghost, amateur VSBr


Innate Abilities, Weirdness & Mutations

You are immune to poison.
Your flesh is cold resistant. (rC+)
You are immune to negative energy. (rN+++)
You are immune to unholy pain and torment.
You are vulnerable to heat. (rF-)
You are somewhat inexperienced. (-1 XL)
You are in touch with the powers of death.
You are sensitive to extremes of temperature. (rF-, rC-)
You do not drink.
You have a special connection with the divine. (Faith)


Message History

The centaur closely misses you.
The centaur kicks you but does no damage.
You slash the centaur!
The centaur is heavily wounded.
Your +8 war axe "Siugg" {spect, Fly rN+ Int+2 Dex+4} hits the centaur.
The centaur hits you but does no damage.
The centaur completely misses you. The centaur hits you.
The centaur misses you.
You slash the centaur!
You kill the centaur!
Your +8 war axe "Siugg" {spect, Fly rN+ Int+2 Dex+4} disappears.
Unknown command.
Things that are here:
a +0 shortbow; a centaur corpse
Things that are here:
a +0 orcbow; a centaur corpse You reach down and open the gate. 5 cyclopes come into view.
The cyclops shouts! x5
You reach down and close the gate.
Something unseen opens the gate.
The cyclops hits you!!
You slash the cyclops!
The cyclops is moderately wounded.
You hit the cyclops.
Your +8 war axe "Siugg" {spect, Fly rN+ Int+2 Dex+4} hits the cyclops!
Your +8 war axe "Siugg" {spect, Fly rN+ Int+2 Dex+4} hits the cyclops but does no damage.
Your +8 war axe "Siugg" {spect, Fly rN+ Int+2 Dex+4} hits the cyclops.
Your +8 war axe "Siugg" {spect, Fly rN+ Int+2 Dex+4} hits the cyclops!
The cyclops closely misses you.
You hit the cyclops.
The cyclops is severely wounded.
You barely miss the cyclops.
Your +8 war axe "Siugg" {spect, Fly rN+ Int+2 Dex+4} hits the cyclops!
You kill the cyclops!
Your +8 war axe "Siugg" {spect, Fly rN+ Int+2 Dex+4} hits the cyclops.
Your +8 war axe "Siugg" {spect, Fly rN+ Int+2 Dex+4} hits the cyclops!
The cyclops hits you!!
The cyclops throws a large rock.
The large rock hits you!!
You die...

#......≈≈≈§##
#....§.§≈§≈#
#####......≈≈§§#
.............#####+#
######.....≈§#.....#
#.....≈§#.....#
#..#§.≈§'.....#
#..#..§(CCC...+
#.##§.≈@§C....# #.
##.§≈#.....# #.
#§§§# ....# #.
##≈§#####+# #§§§≈≈#
#)§§§≈# #)≈≈≈≈##
#.≈§≈§.# #..≈≈≈##


You could see 4 cyclopes and a friendly +8 war axe "Siugg" {spect, Fly rN+ Int+2
Dex+4}.

Vanquished Creatures
  A two-headed ogre (D:8)
  Pikel (D:8)
  Maurice (D:8)
  An ugly thing (D:9)
  3 cyclopes (D:11)
  A troll (D:10)
  Sigmund (D:4)
  A shadow (D:9)
  2 wyverns
  A vampire (D:10)
  A basilisk (D:11)
  A wraith (D:9)
  3 steam dragons
  9 yaks
  4 water moccasins
  An acid dragon (D:8)
  A sky beast (D:8)
  2 orc warriors
  2 black bears
  An ogre (D:6)
  4 centaurs
  2 phantoms
  A kobold brigand (D:9)
  2 bullfrogs
  4 gnoll sergeants
  A scorpion (D:11)
  9 wights
  5 killer bees (D:9)
  An electric eel (D:6)
  7 howler monkeys
  A jelly (D:5)
  A bombardier beetle (D:3)
  3 hounds
  7 orc priests
  Crazy Yiuf (D:6)
  Ijyb (D:4)
  2 iguanas (D:6)
  2 gnoll boudas
  9 orc wizards
  Robin (D:4)
  21 gnolls
  4 adders
  A white imp (D:8)
  A dart slug (D:2)
  A ribbon worm (D:3)
  30 orcs
  7 bats
  2 endoplasms
  2 giant cockroaches
  12 goblins
  8 hobgoblins
  3 jackals (D:1)
  3 quokkas
  5 ball pythons
  5 frilled lizards
  11 kobolds
  7 rats
225 creatures vanquished.

Vanquished Creatures (collateral kills)
  A gnoll (D:5)
  A ball python (D:1)
  A jackal (D:1)
3 creatures vanquished.

Vanquished Creatures (others)
  8 orc zombies
  3 spectral weapons
11 creatures vanquished.

Grand Total: 239 creatures vanquished

Notes
Turn   | Place    | Note
-------+----------+-------------------------------------------
     0 | D:1      | GreatBamboolord the Mummy Necromancer began the quest for
                  | the Orb.
     0 | D:1      | Reached XP level 1. HP: 13/13 MP: 4/4
   262 | D:1      | Reached XP level 2. HP: 20/20 MP: 1/5
   582 | D:1      | Reached skill level 1 in Fighting
  1136 | D:2      | Reached XP level 3. HP: 26/26 MP: 7/7
  1140 | D:2      | Learned a level 3 spell: Vampiric Draining
  1647 | D:2      | Found a faded altar of an unknown god.
  1802 | D:3      | You fall into a shaft and drop 2 floors!
  1802 | D:5      | Entered Level 5 of the Dungeon
  1951 | D:4      | Found a runed translucent door.
  2017 | D:4      | Noticed HourglassMan's ghost (amateur VSBr)
  2041 | D:4      | Reached XP level 4. HP: 24/33 MP: 1/8
  2215 | D:4      | Reached skill level 1 in Maces & Flails
  2240 | D:3      | Found an ornate altar of the Wu Jian Council.
  2593 | D:3      | Reached XP level 5. HP: 38/38 MP: 4/10
  2655 | D:3      | Found a runed translucent gate.
  2656 | D:3      | Found a runed translucent gate.
  2656 | D:3      | Found a runed translucent gate.
  2658 | D:3      | Noticed losten's ghost (amateur DsGl)
  2663 | D:3      | Identified the +8 war axe "Siugg" {spect, Fly rN+ Int+2
                  | Dex+4}
  2848 | D:3      | Reached skill level 1 in Axes
  2848 | D:3      | Reached XP level 6. HP: 34/46 MP: 1/11
  2855 | D:3      | Learned a level 4 spell: Animate Dead
  3006 | D:4      | Noticed Sigmund
  3014 | D:4      | Noticed Robin
  3037 | D:4      | Killed Robin
  3039 | D:4      | Killed Sigmund
  3180 | D:4      | Reached XP level 7. HP: 44/52 MP: 11/13
  3293 | D:4      | Found a radiant altar of Vehumet.
  3387 | D:4      | Found a sacrificial altar of Ru.
  3387 | D:4      | Found a shadowy altar of Dithmenos.
  3388 | D:4      | Found a hide-covered altar of Uskayaw.
  3412 | D:4      | Found a shimmering blue altar of Sif Muna.
  3872 | D:4      | Noticed Ijyb
  3881 | D:4      | Killed Ijyb
  4532 | D:4      | Became a worshipper of Ru the Awakened
  4675 | D:6      | Learned a level 5 spell: Curse of Agony
  4707 | D:6      | Reached skill level 5 in Necromancy
  4710 | D:6      | Reached XP level 8. HP: 53/60 MP: 8/14
  5033 | D:6      | Reached skill level 5 in Spellcasting
  5560 | D:6      | Found a runed translucent door.
  5561 | D:6      | Noticed Crazy Yiuf
  5664 | D:6      | Killed Crazy Yiuf
  5790 | D:7      | Reached skill level 5 in Fighting
  5833 | D:7      | Found an opulent altar of Gozag.
  5915 | D:7      | Found a staircase to the Ecumenical Temple.
  5985 | D:7      | Gained mutation: You are sensitive to extremes of
                  | temperature. (rF-, rC-) [Ru sacrifice]
  5985 | D:7      | Reached * piety under Ru
  5985 | D:7      | Reached ** piety under Ru
  6117 | D:7      | Reached XP level 9. HP: 63/68 MP: 16/16
  6125 | D:7      | Learned a level 4 spell: Martyr's Knell
  6500 | D:7      | Found a hazy altar of Hepliaklqana.
  6625 | D:8      | Reached skill level 5 in Dodging
  6637 | D:8      | Noticed Pikel
  6642 | D:8      | Killed Pikel
  6643 | D:8      | Reached skill level 5 in Stealth
  6643 | D:8      | Reached skill level 1 in Summonings
  6894 | D:8      | Found a shimmering altar of Xom.
  6902 | D:8      | Noticed Maurice
  6915 | D:8      | Something stole a +0 dagger of pain
  6917 | D:8      | Something stole 5 atropa-tipped darts
  6919 | D:8      | Something stole 67 gold
  6920 | D:8      | Something stole 332 gold
  6921 | D:8      | Killed Maurice
  7174 | D:8      | Noticed a two-headed ogre
  7181 | D:8      | Killed a two-headed ogre
  7182 | D:8      | Reached XP level 10. HP: 56/77 MP: 16/19
  7321 | D:8      | Learned a level 4 spell: Dispel Undead
  7536 | D:9      | Reached skill level 5 in Axes
  7641 | D:9      | Gained mutation: You are somewhat inexperienced. (-1 XL)
                  | [Ru sacrifice]
  7641 | D:9      | Reached XP level 9. HP: 71/71 MP: 18/18
  7641 | D:9      | Reached *** piety under Ru
  7753 | D:9      | Noticed a purple ugly thing
  7762 | D:9      | Killed a purple ugly thing
  8292 | D:10     | Entered Level 10 of the Dungeon
  8666 | D:10     | HP: 2/72 [orc priest/divine providence (11)]
  9378 | D:10     | Found a staircase to the Orcish Mines.
 10093 | D:11     | Found a blossoming altar of Fedhas.
 10096 | D:11     | Found a staircase to the Lair.
 10114 | D:11     | Reached XP level 10. HP: 56/79 MP: 20/20
 10204 | D:11     | Noticed a boulder beetle
 10592 | D:11     | Noticed an ettin
 11145 | D:11     | Hit by a large rock thrown by a cyclops

Illustrated notes

Levels and vault maps discovered:
D:1:      heliophobic_arrival_henge, layout_loops_ring
D:2:      layout_basic, shapermc_ecumenical_altar_mp_ritualfount
D:3:      layout_rooms, mainiacjoe_overflow_paths, ebering_ghost_rock_garden
D:4:      layout_layer_cave, nicolae_overflow_hidden_temple,
          ebering_ghost_reflecting_pool, uniq_robin, uniq_sigmund, uniq_ijyb
D:5:      layout_rooms, nicolae_elevator_lobby_plus
D:6:      cheibrodos_helix_gallery, layout_basic, uniq_crazy_yiuf_cottage
D:7:      layout_basic, nicolae_hepliaklqana_hippocampus,
          mainiacjoe_overflow_alcove_2, minmay_temple_entry_waves
D:8:      layout_basic, nicolae_overflow_crystal_walls, uniq_pikel, uniq_maurice
D:9:      layout_irregular_city
D:10:     layout_layer_cave, tso_altar, hiddenorc1_lemuel
D:11:     giant_chief_lemuel, layout_basic, minmay_lair_entry_grove,
          hellmonk_ghost_happy_afterlife, fedhas_ov_isle_minmay

Skill      XL: |  1  2  3  4  5  6  7  8  9 10 |
---------------+-------------------------------+-----
Fighting       | 1 2 3 4 5 7 |  7.7
Dodging        | 2 3 4 6 |  6.8
Spellcasting   | 3 4 5 7 |  7.3
Stealth        | 2 3 4 6 7 |  7.0
Maces & Flails | 1 |  1.2
Axes           | 1 2 3 4 6 |  6.1
Necromancy     | 5 6 |  6.7
Summonings     | 2 3 |  3.0

Action                     |  1- 3 |  4- 6 |  7- 9 | 10-12 || total
---------------------------+-------+-------+-------+-------++-------
  Melee: Eveningstar       |    10 |    13 |       |       ||    23
         Spear             |     1 |       |       |       ||     1
         War axe           |       |    24 |   233 |    54 ||   311
         Punch             |       |     1 |     7 |       ||     8
         Dagger            |       |       |     4 |       ||     4
   Cast: Necrotise         |    64 |    46 |    28 |       ||   138
         Vampiric Draining |     2 |       |     4 |       ||     6
         Curse of Agony    |       |       |     1 |       ||     1
         Animate Dead      |       |       |     2 |       ||     2
 Invoke: Sacrifice Resista |       |       |     1 |       ||     1
         Draw Out Power    |       |       |     1 |       ||     1
         Sacrifice Experie |       |       |     1 |       ||     1
         Reject Sacrifices |       |       |     1 |       ||     1
  Evoke: Wand              |       |       |     4 |       ||     4
    Use: Scroll            |       |     4 |     3 |     5 ||    12
   Stab: Sleeping          |     1 |     2 |     9 |     1 ||    13
         Distracted        |       |       |     8 |       ||     8
         Paralysed         |       |       |     5 |       ||     5
         Invisible         |       |       |     1 |       ||     1
 Armour: Robe              |    15 |    23 |       |       ||    38
         Animal skin       |       |     3 |    72 |       ||    75
         Acid dragon scale |       |       |    51 |    39 ||    90
  Dodge: Dodged            |    17 |    34 |   170 |    67 ||   288

Table legend: (Time is in decaauts)
 A = Elapsed time spent in this place.
 B = Non-inter-level travel time spent in this place.
 C = Inter-level travel time spent in this place.
 D = Time resting spent in this place.
 E = Time spent auto-exploring this place.
 F = Levels seen in this place.
 G = Mean time per level.
                   A        B        C        D        E       F      G
               +--------+--------+--------+--------+--------+-----+--------+
         Total |  11251 |  10551 |    700 |   1004 |   7785 |  11 | 1022.8 |
       Dungeon |  11251 |  10551 |    700 |   1004 |   7785 |  11 | 1022.8 |
               +--------+--------+--------+--------+--------+-----+--------+

Top non-repeatable levels by time:
    D:10: 2206 daAuts
     D:4: 1615 daAuts
     D:6: 1141 daAuts
     D:8: 953 daAuts
     D:1: 935 daAuts
     D:9: 904 daAuts
     D:2: 867 daAuts
     D:7: 859 daAuts
     D:3: 768 daAuts
     D:5: 581 daAuts
    D:11: 417 daAuts
